AoeStats
← Grospoilu

Four Lakes

503398633Analyzed
4v4 RM · 1mo ago on Aug 31, 2026· 18m 5s· 8 players
Game mode
Random Map
Map size
Large (8 player)
Population
200
Speed
Normal
Resources
Standard
Victory
Conquest
Starting age
Dark Age
Ending age
Imperial Age
RankedLock teamsTeams togetherTeam positionsShared explorationLock speedFull tech treeHidden civsTurbo modeCheats
Victory
Defeat
🇨🇳 Franks · China
1331
+16
🇫🇷 Japanese · France
1319
+17
🇮🇩 Persians · Indonesia
1287
+18
🇹🇷 Italians · Türkiye
1275
+19
🇩🇴 Portuguese · Dominican Republic
1400
-20
🇳🇱 Berbers · Netherlands
1383
-20
🇬🇧 Romans · United Kingdom
1278
-15
🇫🇷 Japanese · France
1270
-14
Homogenius
11:12 Feudal Age
12:38 Double-Bit Axe
14:03 Gold Mining
14:02 Horse Collar
20:40 Castle Age
tc-Hawx
7:53 Loom
10:10 Feudal Age
10:50 Double-Bit Axe
12:22 Fletching
20:04 Castle Age
18:24 Padded Archer Armor
温柔一刀
10:12 Feudal Age
12:19 Loom
14:43 Castle Age
14:08 Double-Bit Axe
Xanny
7:55 Loom
10:10 Feudal Age
11:02 Double-Bit Axe
11:23 Fishing Lines
John Doe
4:30 Loom
10:58 Feudal Age
14:39 Scale Barding Armor
Grospoilu
7:19 Loom
9:53 Feudal Age
11:30 Wheelbarrow
BuildDisorder [2]
9:18 Loom
11:48 Feudal Age
12:23 Double-Bit Axe
13:42 Bloodlines
13:29 Horse Collar
14:39 Scale Barding Armor
15:16 Town Watch
17:12 Forging
PoLaiNas
5:27 Loom
11:14 Feudal Age
12:42 Double-Bit Axe
Connection lost

Rejoining the realm…

Still unreachable

The connection could not be restored.

Session expired

The server has moved on; the page needs a fresh start.